 Dungeon Crawl Stone Soup version 0.27-a0-684-g359e429f13 (webtiles) character file.

Game seed: 874835665655096188

2835 Dreamer the Fighter (level 9, -2/112 HPs)
             Began as a Barachi Berserker on Mar 20, 2021.
             Was an Elder of Trog.
             Slain by an orc warrior
             ... wielding a +0 glaive
              (21 damage)
             ... on level 8 of the Dungeon.
             The game lasted 00:26:23 (9624 turns).

Dreamer the Fighter (Barachi Berserker)             Turns: 9624, Time: 00:26:24

Health: -2/112     AC: 16    Str: 21    XL:     9   Next: 73%
Magic:  9/9        EV: 12    Int:  8    God:    Trog [****..]
Gold:   398        SH:  0    Dex: 12    Spells: 8/8 levels left

rFire    x . .     SeeInvis .   A - +3 great sword
rCold    + + .     Faith    .   (shield currently unavailable)
rNeg     + . .     Spirit   .   E - +0 ice dragon scales
rPois    .         Reflect  .   n - +0 helmet
rElec    .         Harm     .   (no cloak)
rCorr    +         Rampage  .   a - +1 pair of gloves
Will     .....                  (no boots)
Stlth    ..........             i - amulet of the acrobat
HPRegen  0.28/turn              l - ring of resist corrosion
MPRegen  0.11/turn              y - ring of positive energy

@: berserking, very quick
A: +LOS, amphibious, slowness 1, strong legs 1
a: Hop, Renounce Religion, Berserk, Trog's Hand, Brothers in Arms


You were on level 8 of the Dungeon.
You worshipped Trog.
Trog was greatly pleased with you.
You visited 1 branch of the dungeon, and saw 8 of its levels.

You collected 398 gold pieces.

Inventory:

Hand Weapons
 d - a +0 short sword of venom
 g - a +2 falchion of protection
 A - a +3 great sword (weapon)
Armour
 a - a +1 pair of gloves (worn)
 c - a +0 chain mail
 n - a +0 helmet (worn)
 E - +0 ice dragon scales (worn)
Jewellery
 i - an amulet of the acrobat (around neck)
 l - a ring of resist corrosion (right hand)
 y - a ring of positive energy (left hand)
Wands
 v - a wand of iceblast (10)
Scrolls
 b - 5 scrolls of identify {unknown}
 e - 3 scrolls of enchant armour {unknown}
 h - 2 scrolls of teleportation {unknown}
 j - 3 scrolls of magic mapping {unknown}
 u - a scroll of blinking {unknown}
 w - 2 scrolls of vulnerability {unknown}
 x - 2 scrolls of amnesia {unknown}
 z - 4 scrolls of enchant weapon {unknown}
 C - 2 scrolls of holy word {unknown}
 F - a scroll of fear {unknown}
Potions
 f - 3 potions of curing {unknown}
 k - a potion of berserk rage {unknown}
 m - a potion of attraction {unknown}
 o - a potion of resistance {unknown}
 p - 3 potions of might {unknown}
 q - a potion of invisibility {unknown}
 r - 2 potions of flight {unknown}
 s - 2 potions of lignification {unknown}
 t - 2 potions of magic {unknown}
 B - a potion of ambrosia {unknown}
 D - 2 potions of brilliance {unknown}


   Skills:
 + Level 8.7 Fighting
 + Level 8.6 Long Blades
 + Level 8.2 Armour
 + Level 7.5 Dodging


You had 8 spell levels left.
You didn't know any spells.
Your spell library was empty.

Dungeon Overview and Level Annotations

Branches:
Dungeon (8/15)             Temple (0/1) D:5
   Lair: D:8-11

Altars:
Elyvilon
Fedhas
Gozag
Okawaru
Trog
Yredelemnul
The Shining One

Annotations:
D:5 3 runed translucent doors, exclusion: 3 doors, Johnny's ghost, novice DEEE; MiFiHotspot's ghost, novice MiFi; PentaManta's ghost, novice OpFi; Zero's ghost, novice GrCj; stripedtigrrr's ghost, novice OpDe
D:8 exclusion: ice statue


Innate Abilities, Weirdness & Mutations

You can be seen from farther away. (+LOS)
You are amphibious.
You cover ground slowly.
You can hop short distances.


Message History

You hit the orc warrior but do no damage.
The orc warrior hits you with a +0 glaive.
The orc hits you with a +0 flail.
You closely miss the orc warrior. The orc warrior barely misses you.
The orc barely misses you.
You riposte.
You barely miss the orc. You slash the orc warrior!
The orc warrior is moderately wounded.
The orc warrior hits you but does no damage.
The orc hits you but does no damage. The orc warrior barely misses you.
You hit the orc warrior.
The orc warrior is moderately wounded.
The orc hits you but does no damage.
The orc warrior hits you but does no damage.
Your ice dragon scales prevents you from hitting the orc warrior.
The orc warrior is moderately wounded.
The orc misses you.
The orc warrior hits you with a +0 glaive!
The orc hits you with a +0 flail.
You barely miss the orc warrior.
The orc warrior is moderately wounded.
The orc warrior misses you. The orc hits you with a +0 flail.
The orc warrior hits you with a +0 glaive!
* * * LOW HITPOINT WARNING * * *
Okay, then.
A red film seems to cover your vision as you go berserk!
You feel yourself moving faster!
You feel mighty!
An ogre comes into view. It is wielding a +0 giant spiked club.
The orc barely misses you.
You riposte.
You barely miss the orc. The orc warrior misses you.
The ogre shouts!
You slash the orc warrior!
The orc warrior is severely wounded.
You hear a shout!
The orc misses you.
You hear a shout! x2
You hit the orc warrior but do no damage.
The orc warrior is severely wounded.
You hear a shout!
The orc warrior hits you with a +0 glaive!!
You die... .......###.... ##......#..# #oo

##.>......# .#o# ##
##.....#.## .#.##.##
##.....#.# ###.#o....#
########.##########.........#
# #.<............##.. o.....#
#.#####.######.##.# ...[..#
.##(#####.# #@##.##......#
#......##.#


#oooo.O.# .##.##.##.# ####.#### #.......# #... ####.#### #..... #.###### #######
#......# ####.####(# ###.........# You could see an orc warrior, an ogre and 3
orcs.

Vanquished Creatures
  A steam dragon (D:6)
  3 sky beasts
  3 orc warriors
  2 black bears (D:6)
  2 ogres (D:6)
  A kobold brigand (D:7)
  3 bullfrogs
  A gnoll sergeant (D:6)
  2 scorpions
  3 wights (D:6)
  2 howler monkeys (D:7)
  2 jellies
  2 bullfrog skeletons
  3 hounds
  6 orc priests
  Ijyb (D:5)
  An iguana (D:4)
  7 worker ants
  5 orc wizards
  A hound zombie (D:6)
  A hound skeleton (D:5)
  12 gnolls
  14 adders
  A shadow imp (D:4)
  4 white imps
  2 ufetubi
  An ooze (D:1)
  4 worms
  A dart slug (D:3)
  A leopard gecko (D:7)
  35 orcs
  4 ball pythons
  5 giant cockroaches
  7 hobgoblins
  12 jackals
  11 kobolds
  4 quokkas
  6 bats
  6 goblins
  A jackal skeleton (D:5)
  A leopard gecko skeleton (D:5)
  6 rats
  A spectral orc (D:2)
191 creatures vanquished.

Notes
Turn   | Place    | Note
-------+----------+-------------------------------------------
     0 | D:1      | Dreamer the Barachi Berserker began the quest for the Orb.
     0 | D:1      | Reached XP level 1. HP: 18/18 MP: 1/1
   166 | D:1      | Reached XP level 2. HP: 23/25 MP: 2/2
   478 | D:1      | Reached XP level 3. HP: 28/30 MP: 3/3
   716 | D:1      | Found an iron altar of Okawaru.
   865 | D:1      | Reached ** piety under Trog
  1256 | D:2      | Reached XP level 4. HP: 32/37 MP: 4/4
  1964 | D:2      | Reached XP level 5. HP: 32/43 MP: 5/5
  2479 | D:2      | Found a basalt altar of Yredelemnul.
  3368 | D:3      | Reached skill level 5 in Fighting
  3368 | D:3      | Reached XP level 6. HP: 51/51 MP: 6/6
  3500 | D:4      | Reached skill level 5 in Long Blades
  4203 | D:4      | Reached XP level 7. HP: 56/56 MP: 7/7
  4424 | D:4      | Reached *** piety under Trog
  4716 | D:5      | Entered Level 5 of the Dungeon
  4716 | D:5      | Noticed Ijyb
  4737 | D:5      | Killed Ijyb
  4738 | D:5      | Reached skill level 5 in Armour
  4980 | D:5      | Found a runed translucent gate.
  4980 | D:5      | Found a runed translucent gate.
  4980 | D:5      | Found a runed translucent gate.
  4980 | D:5      | Noticed Zero's ghost (novice GrCj)
  4980 | D:5      | Noticed stripedtigrrr's ghost (novice OpDe)
  4981 | D:5      | Noticed MiFiHotspot's ghost (novice MiFi)
  4981 | D:5      | Noticed PentaManta's ghost (novice OpFi)
  4981 | D:5      | Noticed Johnny's ghost (novice DEEE)
  5214 | D:5      | Found a staircase to the Ecumenical Temple.
  5270 | D:5      | Reached skill level 5 in Dodging
  5852 | D:6      | Reached XP level 8. HP: 65/65 MP: 8/8
  5921 | D:6      | Found a glowing golden altar of the Shining One.
  6261 | D:6      | Found a bloodstained altar of Trog.
  6689 | D:6      | Found a white marble altar of Elyvilon.
  6847 | D:6      | Reached XP level 9. HP: 23/73 MP: 9/9
  7628 | D:6      | Found an opulent altar of Gozag.
  8111 | D:7      | Reached **** piety under Trog
  8910 | D:7      | Found a blossoming altar of Fedhas.
  9303 | D:8      | Noticed an ice devil
  9303 | D:8      | Noticed an ice devil
  9304 | D:8      | Noticed an ice devil
  9304 | D:8      | Noticed an ice devil
  9304 | D:8      | Noticed an ice statue
  9334 | D:8      | Noticed an ice devil
  9624 | D:8      | Slain by an orc warrior

Illustrated notes

Levels and vault maps discovered:
D:1:      eino_arrival_cavern_a, layout_basic, okawaru_ov_weapons_minmay
D:2:      layout_loops_corners, yredelemnul_forgotten_temple_becter
D:3:      layout_loops_ring
D:4:      layout_gridville
D:5:      layout_loops_cross, minmay_temple_entry_mini_moons,
          gammafunk_ghost_cemetery, uniq_ijyb
D:6:      layout_loops_corners, lemuel_doored_altar, kennysheep_mini_moat,
          nicolae_gozag_seed_capital, serial_bayou_pond_e, trog_ov_bears_minmay
D:7:      layout_cave_pools, basic_altar, minmay_circle_x
D:8:      cheibrodos_frozen_isle, layout_loops_cross, special_room
          [special_room_orc]

Skill      XL: |  1  2  3  4  5  6  7  8  9 |
---------------+----------------------------+-----
Fighting       | 4 5 6 7 8 |  8.7
Long Blades    | 4 5 6 7 8 |  8.6
Armour         | 3 4 5 7 8 |  8.2
Dodging        | 3 4 5 6 7 |  7.5

Action                   |  1- 3 |  4- 6 |  7- 9 || total
-------------------------+-------+-------+-------++-------
Melee: Short sword       |    63 |       |       ||    63
       Falchion          |    22 |   210 |   221 ||   453
       Great sword       |       |       |   169 ||   169
Invok: Berserk           |       |       |     3 ||     3
 Abil: Hop               |       |       |     2 ||     2
Armor: Chain mail        |    48 |   103 |   224 ||   375
       Ice dragon scales |       |       |    22 ||    22
Dodge: Dodged            |    19 |   103 |   269 ||   391
       Rpst.: Falchion   |     2 |    21 |    37 ||    60
       Great sword       |       |       |    36 ||    36

Table legend: (Time is in decaauts)
 A = Elapsed time spent in this place.
 B = Non-inter-level travel time spent in this place.
 C = Inter-level travel time spent in this place.
 D = Time resting spent in this place.
 E = Time spent auto-exploring this place.
 F = Levels seen in this place.
 G = Mean time per level.
                   A        B        C        D        E       F      G
               +--------+--------+--------+--------+--------+-----+--------+
         Total |  10741 |  10500 |    241 |   1858 |   6460 |   8 | 1342.6 |
       Dungeon |  10741 |  10500 |    241 |   1858 |   6460 |   8 | 1342.6 |
               +--------+--------+--------+--------+--------+-----+--------+

Top non-repeatable levels by time:
     D:6: 2821 daAuts
     D:2: 1625 daAuts
     D:4: 1423 daAuts
     D:1: 1235 daAuts
     D:5: 1147 daAuts
     D:3: 1061 daAuts
     D:7: 806 daAuts
     D:8: 620 daAuts
